 Dungeon Sprint DCSS version 0.31-a0-1511-g961fd35ebc (webtiles) character file.

Game seed: 1542549451698283472

8 Groucho the Sneak (level 2, -8/14 HPs)
             Began as a Spriggan Enchanter on Dec 30, 2023.
             Mangled by a merfolk siren
             ... wielding a +0 spear
              (21 damage)
             ... in the Dungeon (Sprint II: "The Violet Keep of Menkaure").
             The game lasted 00:00:41 (36 turns).

Groucho the Sneak (Spriggan Enchanter)                Turns: 36, Time: 00:00:42

Health: -8/14      AC:  2    Str:  4    XL:     2   Next: 0%
Magic:  7/7        EV: 18    Int: 16    God:
Gold:   243        SH:  0    Dex: 15    Spells: 7/7 levels left

rFire   . . .        a - +1 dagger
rCold   . . .        (no shield)
rNeg    . . .        b - +0 robe
rPois   .            (helmet restricted)
rElec   .            (no cloak)
rCorr   .            (gloves unavailable)
SInv    +            (boots unavailable)
Will    .....        (no amulet)
Stlth   +++          (no ring)
HPRegen 0.22/turn    (no ring)
MPRegen 0.10/turn

%: no teleportation
@: hasted, very quick
A: very small, no large weapons, unfitting armour, see invisible, speed 3
a: no special abilities


You were in the Dungeon.
You visited 1 branch You collected 243 gold pieces.

Inventory:

Hand Weapons
 a - a +1 dagger (weapon)
Armour
 b - a +0 robe (worn)
Scrolls
 i - a scroll of blinking
Potions
 c - a potion of invisibility
 d - a potion of curing
 e - a potion of heal wounds
 g - 2 potions of magic
 h - a potion of berserk rage


   Skills:
 + Level 1.0 Fighting
 + Level 2.0 Short Blades
 + Level 3.4 Dodging
 + Level 5.1 Stealth
 + Level 3.3 Spellcasting
 + Level 4.1 Hexes


You had 7 spell levels left.
You didn't know any spells.
Your spell library contained the following spells:

 Spells                   Type           Power      Damage    Failure   Level
 Confusing Touch          Hex            15%        N/A       10%         3
 Tukima's Dance           Hex            15%        N/A       10%         3
 Ensorcelled Hibernation  Hex/Ice        18%        N/A       12%         2
 Dazzling Flash           Conj/Hex       18%        N/A       24%         3


Dungeon Overview and Level Annotations

Branches:
Dungeon (1/1)

Altars:


Innate Abilities, Weirdness & Mutations

You are very small and have problems with some larger weapons.
You are too small for most types of armour.
You have supernaturally acute eyesight. (SInv)
You cover ground extremely quickly. (Speed+++)


Message History

The ribbon worm bites you.
You hit the ribbon worm.
You kill the ribbon worm!
Your Fighting skill increases to level 1!
Your Short Blades skill increases to level 2!
Your Stealth skill increases to level 5!
You have reached level 2!
Unknown command.
Unknown command.
You now have 243 gold pieces.
You see here a ribbon worm corpse.
There is an open door here.
You flicker for a moment.
You open the door. 2 boulder beetles come into view.
Found 243 gold pieces.
You close the door.
You open the door.
A merfolk siren comes into view. It is wielding a +0 spear.
Found 243 gold pieces.
There is an open door here.
You see here 243 gold pieces.
The helpless merfolk siren fails to defend itself.
You impale the merfolk siren!!
The merfolk siren is heavily wounded.
The merfolk siren misses you.
Unknown command.
Unknown command.
You hit the merfolk siren but do no damage.
The merfolk siren is heavily wounded.
You flicker back into view.
The merfolk siren shouts!
You hit the merfolk siren but do no damage.
The merfolk siren is heavily wounded.
The merfolk siren barely misses you.
You barely miss the merfolk siren.
The merfolk siren is heavily wounded.
The merfolk siren hits you with a +0 spear!!
Ouch! That really hurt!
You die...

## ## k# #k
## .#$ ##
##.###+###†#
#...##.##.###
#@'.<.'##.+
#.m.##.##†..#
##.###+###.##
## .#. ### ..
B. ##B $## ##
##


You could see a merfolk siren.

Vanquished Creatures
  3 ribbon worms (D)
3 creatures vanquished.

Notes
Turn   | Place    | Note
-------+----------+-------------------------------------------
     0 | D        | Groucho the Spriggan Enchanter began the quest for the Orb.
     0 | D        | Reached XP level 1. HP: 9/9 MP: 5/5
     3 | D        | Noticed a wyvern
     3 | D        | Noticed a wyvern
    19 | D        | Reached skill level 1 in Fighting
    19 | D        | Reached skill level 5 in Stealth
    19 | D        | Reached XP level 2. HP: 11/14 MP: 7/7
    27 | D        | Noticed a boulder beetle
    27 | D        | Noticed a boulder beetle
    30 | D        | Noticed a merfolk siren
    36 | D        | Mangled by a merfolk siren

Illustrated notes

Levels and vault maps discovered:
D:        the_violet_keep_of_menkaure [sprint2_stairs_cluster_1,
          sprint2_shoproom, sprint2_temple, sprint2_basic_supplies,
          sprint2_obstacle_7, sprint2_obstacle_4, sprint2_obstacle_2,
          sprint2_obstacle_6, sprint2_obstacle_5, sprint2_timed_cluster_1,
          sprint2_smallroom_cluster_1, sprint2_smallroom_final_cluster_1,
          sprint2_transparent_cluster_1, sprint2_second_timed_cluster_1,
          sprint2_sniper_area_1, sprint2_heavy_combat_area_1,
          sprint2_mutation_trap_area_1, sprint2_forest_area_1,
          sprint2_light_combat_area_1, sprint2_behind_water_1,
          sprint2_near_end_vault_1]

Skill      XL: |  1 |
---------------+----+-----
Dodging        | 3 |  3.4
Spellcasting   | 3 |  3.3
Hexes          | 4 |  4.1
Fighting       | 1 |  1.0
Short Blades   | 2 |  2.0
Stealth        | 5 |  5.1

Action                     || total
---------------------------++-------
  Melee: Dagger            ||    12
    Use: Potion            ||     2
   Stab: Sleeping          ||     2
         Invisible         ||     1
 Armour: Robe              ||     3
  Dodge: Dodged            ||     4

Table legend: (Time is in decaauts)
 A = Elapsed time spent in this place.
 B = Non-inter-level travel time spent in this place.
 C = Inter-level travel time spent in this place.
 D = Time resting spent in this place.
 E = Time spent auto-exploring this place.
 F = Levels seen in this place.
 G = Mean time per level.
                   A        B        C        D        E       F      G
               +--------+--------+--------+--------+--------+-----+--------+
         Total |     20 |     20 |      0 |      0 |      0 |   1 |   20.0 |
       Dungeon |     20 |     20 |      0 |      0 |      0 |   1 |   20.0 |
               +--------+--------+--------+--------+--------+-----+--------+

Top non-repeatable levels by time:
       D: 20 daAuts
